 Dungeon Crawl Stone Soup version 0.25-a0-576-g50b708a4c4 (webtiles) character file.

Game seed: 10224083835597939783, levelgen mode: deterministic

4414 ReteAZ the Martial Artist (level 10, -9/77 HPs)
             Began as a Gnoll Gladiator on Mar 1, 2020.
             Was a Priest of Zin.
             Mangled by a two-headed ogre
             ... wielding a +0 giant spiked club
              (32 damage)
             ... on level 9 of the Dungeon.
             The game lasted 00:12:47 (8597 turns).

ReteAZ the Martial Artist (Gnoll Gladiator)         Turns: 8597, Time: 00:12:48

Health: -9/77      AC:  8    Str: 17    XL:     10   Next: 36%
Magic:  17/17      EV: 17    Int: 13    God:    Zin [***...]
Gold:   437        SH:  0    Dex: 17    Spells: 19/19 levels left

rFire    + . .     SeeInvis .     - Unarmed
rCold    . . .     Gourm    .   (no shield)
rNeg     . . .     Faith    .   a - +0 leather armour
rPois    .         Spirit   .   q - +2 helmet
rElec    .         Reflect  .   (no cloak)
rCorr    .         Harm     .   (no gloves)
MR       +....                  n - +0 pair of boots
Stlth    +++.......             b - amulet of regeneration
HPRegen  0.62/turn              v - ring of protection from magic
MPRegen  0.15/turn              w - ring of protection from fire

@: no status effects
A: distributed training, fangs 1, strong nose
a: Recite, Vitalisation, Imprison, Donate Gold, Renounce Religion


You were on level 9 of the Dungeon.
You worshipped Zin.
Zin was most pleased with you.
You were not hungry.

You visited 1 branch of the dungeon, and saw 9 of its levels.

You collected 485 gold pieces.
You donated 48 gold pieces to Zin.

Inventory:

Missiles
 c - 3 throwing nets (quivered)
Armour
 a - a +0 leather armour (worn)
 h - a +0 plate armour
 n - a +0 pair of boots (worn)
 q - a +2 helmet (worn)
Jewellery
 b - an amulet of regeneration (around neck)
 o - an uncursed ring of protection from fire
 r - an uncursed amulet of the gourmand {unknown}
 v - a ring of protection from magic (left hand)
 w - a ring of protection from fire (right hand)
 y - a +1 ring of evasion {unknown}
Wands
 t - a wand of disintegration (9)
 B - a wand of paralysis (8)
Scrolls
 e - 3 scrolls of amnesia {unknown}
 f - 6 scrolls of teleportation
 i - a scroll of magic mapping
 l - 2 scrolls of remove curse
 m - 8 scrolls of identify
 s - 2 scrolls of fear
 x - a scroll of torment {unknown}
 C - a scroll of enchant weapon {unknown}
Potions
 g - a potion of berserk rage {unknown}
 j - a potion of brilliance {unknown}
 k - 2 potions of mutation
 p - 2 potions of haste
 u - a potion of magic
 z - a potion of heal wounds {unknown}
Comestibles
 d - 28 rations


   Skills:
 + Level 6.9 Fighting
 + Level 5.1 Short Blades
 + Level 5.1 Long Blades
 + Level 5.1 Axes
 + Level 5.1 Maces & Flails
 + Level 5.1 Polearms
 + Level 5.1 Staves
 + Level 5.1 Slings
 + Level 5.1 Bows
 + Level 5.1 Crossbows
 + Level 6.9 Throwing
 + Level 5.1 Armour
 + Level 8.4 Dodging
 + Level 5.1 Stealth
 + Level 5.1 Shields
 + Level 8.4 Unarmed Combat
 + Level 5.1 Spellcasting
 + Level 4.2 Conjurations
 + Level 4.2 Hexes
 + Level 4.2 Charms
 + Level 4.2 Summonings
 + Level 4.2 Necromancy
 + Level 4.2 Translocations
 + Level 4.2 Transmutations
 + Level 4.2 Fire Magic
 + Level 4.2 Ice Magic
 + Level 4.2 Air Magic
 + Level 4.2 Earth Magic
 + Level 4.2 Poison Magic
 + Level 5.6 Invocations
 + Level 5.1 Evocations


You had 19 spell levels left.
You didn't know any spells.
Your spell library was empty.

Dungeon Overview and Level Annotations

Branches:
Dungeon (9/15)             Temple (0/1) D:7
   Lair: D:8-11         Orc: D:9-12

Altars:
Ashenzari
Cheibriados
Dithmenos
Elyvilon
Gozag
Kikubaaqudgha
Makhleb
Ru
Trog
Uskayaw
Vehumet
Xom
Zin

Shops:
D:5 [

Annotations:
D:4 Eustachio
D:8 3 runed translucent doors, poopendork's ghost, novice SpCj


Innate Abilities, Weirdness & Mutations

Your experience applies equally to all skills.
You have very sharp teeth.
Your uncanny sense of smell can sniff out nearby items.


Message History

You are too injured to fight recklessly!
You are too injured to fight recklessly!
You are too injured to fight recklessly!
You are too injured to fight recklessly!
You punch the two-headed ogre!
The two-headed ogre is moderately wounded.
The two-headed ogre hits you with a +0 giant spiked club!
The two-headed ogre misses you.
You barely miss the two-headed ogre.
You bite the two-headed ogre, but do no damage.
The two-headed ogre is moderately wounded.
You punch the two-headed ogre!
The two-headed ogre is heavily wounded.
The two-headed ogre closely misses you.
The two-headed ogre hits you with a +0 dire flail!
* * * LOW HITPOINT WARNING * * *
You hit the two-headed ogre but do no damage.
The two-headed ogre is heavily wounded.
The two-headed ogre hits you with a +0 giant spiked club!!
You die...

#### #########
...####+########........
...'........?..#........
...#...........#O.......
...#...........#@.......
...####.##....##........
#...).#.##....#........#
#.....#.......#........#
#.....+.......#........#
#.....#.......'........#
#.....#########......(.#
.....## .######(.#
.....# .. ..#


You could see a two-headed ogre.

Vanquished Creatures
  A two-headed ogre (D:8)
  A troll (D:7)
  A hippogriff (D:8)
  A water moccasin (D:6)
  3 orc warriors
  An ice beast (D:8)
  5 sky beasts
  4 ogres
  2 centaurs
  Blork the orc (D:5)
  4 bullfrogs
  A wyvern skeleton (D:7)
  3 wights (D:7)
  5 howler monkeys
  A bullfrog zombie (D:4)
  4 orc priests
  4 hounds
  A jelly (D:8)
  3 bullfrog skeletons
  2 centaur skeletons
  7 orc wizards
  2 iguanas
  Natasha (thrice) (D:4)
  6 worker ants
  2 hound zombies (D:4)
  A hound skeleton (D:4)
  Robin (D:2)
  6 gnolls
  A howler monkey skeleton (D:4)
  10 adders
  A shadow imp (D:7)
  2 oozes
  3 adder zombies
  An adder skeleton (D:4)
  3 worms
  2 dart slugs
  5 leopard geckos
  24 orcs
  2 ball pythons
  5 bats
  10 giant cockroaches
  11 goblins
  12 hobgoblins
  7 jackals (D:7)
  10 kobolds
  3 quokkas
  6 frilled lizards
  2 giant cockroach zombies (D:4)
  2 jackal skeletons
  A leopard gecko skeleton (D:6)
  A quokka zombie (D:8)
  4 rats
204 creatures vanquished.

Vanquished Creatures (others)
  4 plants (D:8)
  A withered plant (D:4)
5 creatures vanquished.

Grand Total: 209 creatures vanquished

Notes
Turn   | Place    | Note
-------+----------+-------------------------------------------
     0 | D:1      | ReteAZ the Gnoll Gladiator began the quest for the Orb.
     0 | D:1      | Reached XP level 1. HP: 20/20 MP: 1/1
   386 | D:1      | Reached XP level 2. HP: 26/26 MP: 2/2
   897 | D:2      | Reached XP level 3. HP: 20/31 MP: 3/3
  1038 | D:2      | Reached skill level 1 in Invocations
  1223 | D:2      | Reached skill level 1 in Short Blades
  1223 | D:2      | Reached skill level 1 in Long Blades
  1223 | D:2      | Reached skill level 1 in Axes
  1223 | D:2      | Reached skill level 1 in Maces & Flails
  1223 | D:2      | Reached skill level 1 in Polearms
  1223 | D:2      | Reached skill level 1 in Staves
  1223 | D:2      | Reached skill level 1 in Slings
  1223 | D:2      | Reached skill level 1 in Bows
  1223 | D:2      | Reached skill level 1 in Crossbows
  1223 | D:2      | Reached skill level 1 in Armour
  1223 | D:2      | Reached skill level 1 in Stealth
  1223 | D:2      | Reached skill level 1 in Shields
  1223 | D:2      | Reached skill level 1 in Spellcasting
  1223 | D:2      | Reached skill level 1 in Evocations
  1247 | D:2      | Reached XP level 4. HP: 37/38 MP: 5/5
  1252 | D:2      | Noticed Robin
  1264 | D:2      | Killed Robin
  1583 | D:2      | Found a glowing silver altar of Zin.
  1583 | D:2      | Found a burning altar of Makhleb.
  1584 | D:2      | Noticed a blizzard demon
  1584 | D:2      | Noticed an angel
  1606 | D:2      | Became a worshipper of Zin the Law-Giver
  1606 | D:2      | Reached * piety under Zin
  1691 | D:3      | Reached skill level 1 in Conjurations
  1691 | D:3      | Reached skill level 1 in Hexes
  1691 | D:3      | Reached skill level 1 in Charms
  1691 | D:3      | Reached skill level 1 in Summonings
  1691 | D:3      | Reached skill level 1 in Necromancy
  1691 | D:3      | Reached skill level 1 in Translocations
  1691 | D:3      | Reached skill level 1 in Transmutations
  1691 | D:3      | Reached skill level 1 in Fire Magic
  1691 | D:3      | Reached skill level 1 in Ice Magic
  1691 | D:3      | Reached skill level 1 in Air Magic
  1691 | D:3      | Reached skill level 1 in Earth Magic
  1691 | D:3      | Reached skill level 1 in Poison Magic
  1776 | D:3      | Reached XP level 5. HP: 36/43 MP: 6/6
  1993 | D:3      | Reached ** piety under Zin
  2242 | D:4      | Noticed Natasha
  2254 | D:4      | Killed Natasha
  2261 | D:4      | Reached XP level 6. HP: 39/50 MP: 8/8
  2482 | D:4      | Found a shattered altar of Ashenzari.
  2697 | D:4      | Noticed Eustachio
  3061 | D:4      | Noticed Natasha
  3069 | D:4      | Reached skill level 5 in Fighting
  3069 | D:4      | Reached skill level 5 in Throwing
  3078 | D:4      | Killed Natasha
  3147 | D:4      | Noticed Natasha
  3155 | D:4      | Killed Natasha
  3522 | D:5      | Entered Level 5 of the Dungeon
  3522 | D:5      | Noticed a +0 hand axe
  3522 | D:5      | Noticed a +0 dagger
  3524 | D:5      | Found a hide-covered altar of Uskayaw.
  3755 | D:5      | Reached XP level 7. HP: 40/56 MP: 10/10
  4345 | D:5      | Found Myfrugi's Antique Armour Shoppe.
  4358 | D:5      | Found a white marble altar of Elyvilon.
  4371 | D:5      | Reached *** piety under Zin
  4458 | D:5      | Noticed Blork the orc
  4469 | D:5      | Killed Blork the orc
  4469 | D:5      | Reached XP level 8. HP: 62/63 MP: 12/12
  4808 | D:6      | HP: 1/63 [orc warrior/+0 short sword (17)]
  5492 | D:6      | Reached XP level 9. HP: 55/69 MP: 14/14
  5602 | D:6      | Found a bloodstained altar of Trog.
  5956 | D:6      | Reached **** piety under Zin
  6375 | D:7      | Found a staircase to the Ecumenical Temple.
  6458 | D:7      | Noticed a troll
  6472 | D:7      | Killed a troll
  6842 | D:7      | Found a radiant altar of Vehumet.
  6849 | D:7      | Found a snail-covered altar of Cheibriados.
  6856 | D:7      | Found a sacrificial altar of Ru.
  6863 | D:7      | Found a shadowy altar of Dithmenos.
  6870 | D:7      | Found an ancient bone altar of Kikubaaqudgha.
  6877 | D:7      | Found a shimmering altar of Xom.
  6882 | D:7      | Found an opulent altar of Gozag.
  7384 | D:8      | Noticed a two-headed ogre
  7393 | D:8      | Killed a two-headed ogre
  7393 | D:8      | Reached skill level 5 in Invocations
  7393 | D:8      | Reached XP level 10. HP: 68/77 MP: 15/17
  7729 | D:8      | Found a runed translucent gate.
  7729 | D:8      | Found a runed translucent gate.
  7730 | D:8      | Noticed poopendork's ghost (novice SpCj)
  7731 | D:8      | Found a runed translucent gate.
  7733 | D:8      | Noticed a ten-headed hydra
  7787 | D:8      | Reached ***** piety under Zin
  7875 | D:8      | Reached skill level 5 in Short Blades
  7875 | D:8      | Reached skill level 5 in Long Blades
  7875 | D:8      | Reached skill level 5 in Axes
  7875 | D:8      | Reached skill level 5 in Maces & Flails
  7875 | D:8      | Reached skill level 5 in Polearms
  7875 | D:8      | Reached skill level 5 in Staves
  7875 | D:8      | Reached skill level 5 in Slings
  7875 | D:8      | Reached skill level 5 in Bows
  7875 | D:8      | Reached skill level 5 in Crossbows
  7875 | D:8      | Reached skill level 5 in Armour
  7875 | D:8      | Reached skill level 5 in Stealth
  7875 | D:8      | Reached skill level 5 in Shields
  7875 | D:8      | Reached skill level 5 in Spellcasting
  7875 | D:8      | Reached skill level 5 in Evocations
  7894 | D:8      | HP: 3/77 [orc warrior/+0 long sword (11)]
  8586 | D:9      | Noticed a two-headed ogre
  8597 | D:9      | Mangled by a two-headed ogre

Levels and vault maps discovered:
D:1:      erik_arrival_cave_to_civilisation [erik_arrival_cave_to_hall],
          layout_basic
D:2:      minmay_spotlight, layout_basic,
          grunt_temple_overflow_order_and_chaos_2, first_ration,
          serial_bayou_lagoon_a, uniq_robin
D:3:      layout_loops_ring
D:4:      layout_gridville, evilmike_ruin_ashenzari, serial_undead,
          serial_undead_c, serial_undead_f, serial_undead_a, serial_undead_a,
          uniq_natasha, uniq_eustachio
D:5:      layout_basic, dancing_weapons_uskayaw, overflow_temple_1_default,
          serial_shops, shop, uniq_blork_the_orc
D:6:      layout_loops_corners, bloody_trog
D:7:      cheibrodos_iron_armory, layout_basic, grunt_temple_overflow_octagram,
          minmay_temple_entry_proselytizer, grunt_ogre_cave
D:8:      layout_gridville, gammafunk_ghost_hydra_chop
D:9:      layout_gridville, minivault_27, uniq_pikel

Skill      XL: |  1  2  3  4  5  6  7  8  9 10 |
---------------+-------------------------------+-----
Invocations    | 1 2 3 4 5 |  5.6
Short Blades   | 1 2 3 4 5 |  5.1
Long Blades    | 1 2 3 4 5 |  5.1
Axes           | 1 2 3 4 5 |  5.1
Maces & Flails | 1 2 3 4 5 |  5.1
Polearms       | 1 2 3 4 5 |  5.1
Staves         | 1 2 3 4 5 |  5.1
Slings         | 1 2 3 4 5 |  5.1
Bows           | 1 2 3 4 5 |  5.1
Crossbows      | 1 2 3 4 5 |  5.1
Armour         | 1 2 3 4 5 |  5.1
Stealth        | 1 2 3 4 5 |  5.1
Shields        | 1 2 3 4 5 |  5.1
Spellcasting   | 1 2 3 4 5 |  5.1
Evocations     | 1 2 3 4 5 |  5.1
Conjurations   | 1 2 3 4 |  4.2
Hexes          | 1 2 3 4 |  4.2
Charms         | 1 2 3 4 |  4.2
Summonings     | 1 2 3 4 |  4.2
Necromancy     | 1 2 3 4 |  4.2
Translocations | 1 2 3 4 |  4.2
Transmutations | 1 2 3 4 |  4.2
Fire Magic     | 1 2 3 4 |  4.2
Ice Magic      | 1 2 3 4 |  4.2
Air Magic      | 1 2 3 4 |  4.2
Earth Magic    | 1 2 3 4 |  4.2
Poison Magic   | 1 2 3 4 |  4.2
Fighting       | 5 6 |  6.9
Throwing       | 5 6 |  6.9
Dodging        | 7 8 |  8.4
Unarmed Combat | 7 8 |  8.4

Action                   |  1- 3 |  4- 6 |  7- 9 | 10-12 || total
-------------------------+-------+-------+-------+-------++-------
Melee: Unarmed           |   109 |   269 |   351 |   176 ||   905
       Bite              |    14 |    30 |    61 |    17 ||   122
       Punch             |     2 |     6 |    15 |    11 ||    34
Throw: Throwing net      |       |     1 |       |       ||     1
Invok: Sanctuary         |       |       |       |     1 ||     1
Evoke: Wand              |       |       |     2 |       ||     2
  Use: Scroll            |       |       |     6 |       ||     6
       Potion            |       |       |     9 |     3 ||    12
 Stab: Sleeping          |     1 |     3 |    15 |     4 ||    23
  Eat: Chunk             |     1 |     5 |    10 |     2 ||    18
       Ration            |       |     1 |       |     1 ||     2
Armor: Leather armour    |     9 |    87 |    50 |    49 ||   195
       Skin              |       |       |    44 |       ||    44
Dodge: Dodged            |    64 |   337 |   232 |   154 ||   787

Table legend:
 A = Non-vault XP
 B = Vault XP
 C = Vault XP percentage of total XP
 D = Non-vault monster count
 E = Vault monster count
 F = Vault count percentage of total count
                 A         B        C        D         E       F
            +---------+---------+-------+---------+---------+-------
      Total |    5784 |     523 |   8.3 |     176 |      28 |  13.7
            +---------+---------+-------+---------+---------+-------
        D:1 |      31 |       0 |   0.0 |      17 |       0 |   0.0
        D:2 |      42 |      54 |  56.2 |      16 |      14 |  46.7
        D:3 |      88 |       0 |   0.0 |      22 |       0 |   0.0
        D:4 |     294 |     210 |  41.7 |      16 |      11 |  40.7
        D:5 |     833 |      94 |  10.1 |      24 |       1 |   4.0
        D:6 |    1115 |       0 |   0.0 |      24 |       0 |   0.0
        D:7 |     777 |     165 |  17.5 |      23 |       2 |   8.0
        D:8 |    2179 |       0 |   0.0 |      24 |       0 |   0.0
        D:9 |     425 |       0 |   0.0 |      10 |       0 |   0.0
            +---------+---------+-------+---------+---------+-------
